← All builds
Tech / Armada / Economy first / OBSERVED BUILD

Standard tech

Armada Tech (Eco) build order · Supreme Isthmus

Rushes T2 by 4:15, gets Advanced Metal Extractor around 5:28, hands off T2 constructors to Geo and the team, then scales eco and supplies the team's T2 needs through the rest of the game.

Usually first T2 con to Geo (83%)

#eco #t2 #team support · 1602 distinct matches · 255 players · 60% of Armada Tech games · team won 53% of 1912 · Recently observed

HOW TO PLAY IT

Key timing: T2 factory by 4:15

  1. Open 3 mex and heavy wind to fund a fast T2 rush.
  2. Put down Bot Lab, planning to eat it for reclaim soon after.
  3. Get Advanced Bot Lab up, hitting the T2 factory rush timing.
  4. Upgrade mex to Advanced Metal Extractor to lock in team metal income.
  5. Eat Advanced Bot Lab and keep sending cons to Geo and Pond.

Phase by phase

TYPICAL OF ITS 1602 GAMES
  1. 1
  2. 2
  3. 3
  4. 4
PLAY THE OPENING

Follow the example game's first 6:00 step by step: what to build now, what comes next, and where it goes. At 1× it keeps pace with your own game.

  1. 1

    Up to the Bot Lab

    Economy
    • Metal Extractor3Mex
    • Wind Turbine4Wind
    Order
    1. Bot LabBot Lab after 3 mex, 4 winddone ~1:18, middle half 1:13–1:32

    Some games also: energy storage (31%)

    By 1:01 in all: 3 mex · 4 wind

    The example game in this phase · 5 steps
    1. Mex ×3
    2. Wind ×4
    3. Energy storage
    4. Wind
    5. Bot LabBot Labdone 1:38 · typical 1:18
  2. 2

    Bot Lab to Advanced Bot Lab

    Economy
    • Metal Extractor1Mex
    • Wind Turbine8Wind
    • Energy Storage1Energy storage
    Order
    1. Advanced Bot LabAdvanced Bot Lab after 4 mex, 12 wind, 3 con turretdone ~4:16, middle half 4:04–4:30
    Builders
    • Construction Turret3 Con turret
    • Lazarus3 Lazarus
    • Construction Bot2 Con bot
    • Construction Bot1 Con bot for allies

    Some games also: converter (36%)

    By 3:18 in all: 4 mex · 12 wind · 1 energy storage · 3 con turret

    The example game in this phase · 16 steps
    1. Wind
    2. Construction BotCon bot
    3. Wind
    4. Construction BotCon bot
    5. LazarusLazarus
    6. Wind
    7. Con turret
    8. Construction BotCon botfor Air
    9. Wind
    10. Mex
    11. Wind ×3
    12. Con turret
    13. Wind ×4
    14. Con turret
    15. Wind
    16. Advanced Bot LabAdvanced Bot Labdone 4:04 · typical 4:16
  3. 3

    Advanced Bot Lab to 5:00

    Economy
    • Wind Turbine3Wind
    Order
    1. Bot LabEat Bot Lab
    Builders
    • Advanced Construction Bot1 T2 con bot for allies

    Some games also: converter (35%)

    By 5:00 in all: 4 mex · 15 wind · 1 converter · 1 energy storage · 3 con turret

    The example game in this phase · 8 steps
    1. Wind
    2. Bot LabEat Bot Labreclaimed for its metal
    3. Wind ×2
    4. Advanced Construction BotT2 con botfor Geo
    5. Advanced Metal ExtractorT2 mexdone 4:47 · typical 5:29
    6. Wind
    7. Advanced Construction BotT2 con botfor Air
    8. Wind
  4. 4

    5:00 to 10:00

    Economy
    • Wind Turbine43Wind
    • Energy Converter6Converter
    Builders
    • Butler9 Butler
    • Advanced Construction Bot4 T2 con bot for allies
    • Advanced Construction Bot1 T2 con bot

    Some games also: con turret (43%) · Butler for allies (37%)

    By 10:00 in all: 4 mex · 58 wind · 8 converter · 1 energy storage · 3 con turret

    The example game in this phase · 185 steps
    1. Wind
    2. Advanced Metal ExtractorT2 mex ×2
    3. Wind ×2
    4. Advanced Construction BotT2 con botfor Geo sea
    5. Wind ×3
    6. Advanced Construction BotT2 con botfor Pond
    7. Advanced Metal ExtractorT2 mex
    8. ButlerButler ×9
    9. Windfor Front
    10. Wind
    11. Wind ×2for Front
    12. Wind
    13. Windfor Front
    14. Wind
    15. Advanced Construction BotT2 con botfor Beach sea
    16. Windfor Front
    17. Wind
    18. Windfor Front
    19. Wind ×2
    20. Windfor Front
    21. Converter
    22. Wind
    23. Windfor Front
    24. Wind
    25. Windfor Front
    26. Converter
    27. Wind
    28. Windfor Front
    29. Wind
    30. Converter
    31. Wind
    32. Advanced Construction BotT2 con bot
    33. Wind ×2
    34. Converter
    35. Wind ×2
    36. Converter
    37. Wind ×3
    38. Converter
    39. Wind ×2
    40. Fusion ReactorFusiondone 10:58
    41. Con turret
    42. Wind ×2
    43. Converter
    44. Wind
    45. Con turret
    46. Converter
    47. Wind ×4
    48. Con turret
    49. Converter
    50. Wind ×2
    51. Con turret
    52. Converter
    53. Wind ×2
    54. Con turret
    55. Wind
    56. Converter
    57. Wind ×2
    58. Con turret
    59. Wind ×2
    60. Converter
    61. Wind ×2
    62. Con turret
    63. Converter
    64. Wind ×2
    65. Con turret
    66. Wind ×2
    67. Converter
    68. Con turret
    69. Wind ×4
    70. Advanced Bot LabEat Advanced Bot Labreclaimed for its metal
    71. Converter
    72. Wind ×2
    73. Converter
    74. Wind ×4
    75. Converter
    76. Wind ×2
    77. Fusion ReactorFusion
    78. Wind
    79. Converter
    80. Wind ×4
    81. Converter
    82. Wind ×3
    83. Converter
    84. Wind ×3
    85. Converter
    86. Wind ×4
    87. Converter
    88. Wind ×2
    89. Converter
    90. Wind ×4
    91. Converter
    92. Wind ×2
    93. Converter
    94. Wind
    95. Converter
    96. Wind
    97. Converter
    98. Wind
    99. Converter
    100. Fusion ReactorFusion
    101. Wind
    102. Converter
    103. Wind
    104. Converter
    105. Wind
    106. Converter ×2
    107. Wind
    108. Converter
    109. Wind
    110. T2 converter
    111. Converter
    112. Wind ×2
    113. Converter ×2
    114. Wind ×2
    115. Converter ×2
    116. Wind
    117. Converter ×2
    118. Wind ×2
    119. CitadelAnti-nukedone 13:21
    120. Converter ×2
    121. Wind
    122. Converter
    123. Wind
    124. Converter
    125. Wind
    126. Converter
    127. Wind
    128. Converter
    129. Aircraft PlantAircraft Plantdone 13:22
    130. Wind
    131. Converter ×2
    132. Wind
    133. Converter
    134. Wind
    135. Converter
    136. TracerTracer
    137. Wind
    138. Construction AircraftCon aircraft
    139. Converter
    140. Wind
    141. Converter ×2
    142. Wind
    143. Advanced Aircraft PlantAdvanced Aircraft Plantdone 14:02
    144. Wind
    145. Converter ×2
    146. Wind ×2
    147. Converter ×2
    148. Aircraft PlantEat Aircraft Plantreclaimed for its metal
    149. Wind ×2
    150. Converter ×2
    151. Wind
    152. Converter
    153. Wind
    154. Converter
    155. LicheLichedone 14:41
    156. Wind
    157. Converter ×2
    158. Wind
    159. Converter
    160. Wind
    161. Converter
    162. Wind
    163. Converter ×2
    164. Wind
    165. Converter
    166. Wind
    167. Converter
    168. Wind
    169. Converter
    170. Wind
    171. Converter
    172. Wind
    173. OracleOracle
    174. Converter
    175. Wind
    176. Converter
    177. OracleOracle
    178. Wind
    179. Converter ×2
    180. HighwindHighwind
    181. Wind
    182. HighwindHighwind
    183. Converter
    184. Wind
    185. Converter

Counts are medians over the build's games: half of them build more, half fewer. The example game is ObeIix's (31 OS, 10/10/2026); pick another.

Team trades

IN AT LEAST 30% OF ITS GAMES

You hand over

  • Construction Bot1 Con bot to Airfirst at 2:23 · in 84% of games
  • Advanced Construction Bot5 T2 con bot to Air or Geo sea or Pondfirst at 4:50 · in 99% of games
  • Butler2 Butler to Geo sea or Beach sea or Pondfirst at 9:06 · in 42% of games

You get

  • Hercules1 Light transport from Airfirst at 4:01 · in 86% of games

How it plays out

Typical game of this build, running totals by minute

Metal produced

020k40k
0:005:0010:0015:00

metal

Enemy metal destroyed

050100150
0:005:0010:0015:00

metal

Own metal lost

050100150
0:005:0010:0015:00

metal

1912 games.

Show as table
ByMetal produced: This buildEnemy metal destroyed: This buildOwn metal lost: This build
1:0038300
2:0091500
3:00165200
4:00314400
5:00484800
6:00579900
7:00722700
8:00906500
9:001118000
10:001352000
11:001624200
12:001965200
13:002343000
14:0027286074
15:0031503108130
WHAT THE NUMBERS SAY

Standard Tech play barely fights at all early, instead pouring metal into T2 infrastructure and constructors for the team.

  • + Metal produced hits 31679 by 15:00, by far the highest of any role here.
  • + T2 factory reached in 97% of games by 4:15, fastest and most reliable T2 timing.
  • − Enemy metal destroyed stays at 0 through 10:00, no early offense at all.
  • − Own metal lost also near 0, showing total avoidance of combat risk.
THE EXAMPLE YOU ARE READING

ObeIix

31.4 OS · 10/10/2026

Open source match ↗

1 received units
2186 metal received · 33345 energy received

Allied construction assistance is unknown. Timings are observations, not a promise of solo reproducibility.

Typical milestones

Bot Lab1:18Middle 50%: 1:13–1:32 · n=1912
Advanced Bot Lab4:16Middle 50%: 4:04–4:30 · n=1905
Advanced Metal Extractor5:29Middle 50%: 5:05–5:59 · n=1908

Played most by

Amrissa97games of this buildTheGeneraI70games of this buildAdeus57games of this buildEl_Turco55games of this buildKOT_44games of this build
Standard tech · Armada Tech (Eco) build order · BAR Build Atlas